 Dungeon Crawl Stone Soup version 0.31-a0-656-gb4d89c20fa (webtiles) character file.

Game seed: 5811482234790701117

3037 cforsyth the Prestidigitator (level 9, 0/61 HPs)
             Began as a Gnoll Artificer on Aug 31, 2023.
             Was a Believer of Hepliaklqana.
             Killed from afar by an orc wizard (8 damage)
             ... with a puff of flame
             ... on level 7 of the Dungeon.
             The game lasted 00:12:50 (7682 turns).

cforsyth the Prestidigitator (Gnoll Artificer)      Turns: 7682, Time: 00:12:50

Health: 0/61       AC: 11    Str: 18    XL:     9   Next: 86%
Magic:  25/25      EV: 12    Int: 15    God:    Hepliaklqana [**....]
Gold:   381        SH:  0    Dex: 12    Spells: 17/17 levels left

rFire   . . .        n - +0 short sword (venom)
rCold   . . .        (no shield)
rNeg    . . .        m - +1 ring mail {Will+}
rPois   .            J - +0 helmet
rElec   .            (no cloak)
rCorr   .            I - +0 pair of gloves
SInv    .            y - +0 pair of boots
Will    +....        w - amulet of magic regeneration
Stlth   ++           G - +6 ring of strength
HPRegen 0.30/turn    j - ring of magical power
MPRegen 0.59/turn

%: no passive effects
@: no status effects
A: reduced essence, fangs 1, strong nose, distributed training
a: Renounce Religion, Recall Ancestor, Ancestor Identity


You were on level 7 of the Dungeon.
You worshipped Hepliaklqana.
Hepliaklqana was pleased with you.
You visited 2 branches of the dungeon, and saw 8 of its levels.
You also visited: Ossuary.

You collected 381 gold pieces.

Inventory:

Hand Weapons
 n - a +0 short sword of venom (weapon)
 x - a +2 whip of freezing
Missiles
 u - 2 throwing nets
Armour
 m - a +1 ring mail of willpower (worn)
 y - a +0 pair of boots (worn)
 E - a +2 scale mail of positive energy
 I - a +0 pair of gloves (worn)
 J - a +0 helmet (worn)
Jewellery
 j - a ring of magical power (right hand)
 w - an amulet of magic regeneration (around neck)
 G - a +6 ring of strength (left hand)
Wands
 c - a wand of flame (19) (quivered)
 d - a wand of charming (20)
 e - a wand of iceblast (6)
Scrolls
 a - 2 scrolls of identify
 b - a scroll of summoning {unknown}
 h - 2 scrolls of fog {unknown}
 k - 2 scrolls of amnesia {unknown}
 l - a scroll of teleportation {unknown}
 p - 3 scrolls of fear {unknown}
 r - a scroll of poison {unknown}
 s - 2 scrolls of vulnerability {unknown}
 v - 4 scrolls of enchant weapon {unknown}
 z - a scroll of revelation
 A - 2 scrolls of noise {unknown}
 D - a scroll of torment {unknown}
 F - a scroll of immolation {unknown}
Potions
 f - 10 potions of curing
 g - 2 potions of lignification
 i - 3 potions of brilliance
 o - 3 potions of haste {unknown}
 q - a potion of berserk rage {unknown}
 t - 3 potions of heal wounds
 B - a potion of resistance {unknown}
 C - a potion of ambrosia {unknown}
 H - 2 potions of magic
 K - a potion of enlightenment {unknown}


   Skills:
 + Level 5.4 Fighting
 + Level 4.7 Short Blades
 + Level 4.7 Long Blades
 + Level 4.7 Axes
 + Level 4.7 Maces & Flails
 + Level 4.7 Polearms
 + Level 4.7 Staves
 + Level 4.7 Ranged Weapons
 + Level 4.7 Throwing
 + Level 6.6 Armour
 + Level 5.4 Dodging
 + Level 5.3 Stealth
 + Level 4.7 Shields
 + Level 4.7 Unarmed Combat
 + Level 4.7 Spellcasting
 + Level 3.9 Conjurations
 + Level 3.9 Hexes
 + Level 3.9 Summonings
 + Level 3.9 Necromancy
 + Level 3.9 Translocations
 + Level 3.9 Transmutations
 + Level 3.9 Fire Magic
 + Level 3.9 Ice Magic
 + Level 3.9 Air Magic
 + Level 3.9 Earth Magic
 + Level 3.9 Poison Magic
 + Level 5.2 Invocations
 + Level 8.2 Evocations
 + Level 4.3 Shapeshifting


You had 17 spell levels left.
You didn't know any spells.
Your spell library contained the following spells:

 Spells                   Type           Power      Damage    Failure   Level
 Ensorcelled Hibernation  Hex/Ice        30%        N/A       9%          2
 Static Discharge         Conj/Air       30%        2-4/arc   9%          2
 Airstrike                Air            7%         2d(2-18)  50%         4
 Anguish                  Hex/Necr       7%         N/A       50%         4
 Summon Lightning Spire   Summ/Air       15%        N/A       50%         4
 Conjure Ball Lightning   Conj/Air       7%         3x3d6     100%        6
 Discord                  Hex            7%         N/A       100%        8
 Disjunction              Tloc           7%         N/A       100%        8


Dungeon Overview and Level Annotations

Branches:
Dungeon (7/15)             Temple (1/1) D:4         Ossuary (visited)

Altars:
Ashenzari
Cheibriados
Dithmenos
Fedhas
Gozag
Hepliaklqana
Kikubaaqudgha
Makhleb
Okawaru
Sif Muna
Trog
Vehumet
Wu Jian
Yredelemnul
Zin
The Shining One

Annotations:
D:4 1 runed translucent door, Crazy Yiuf


Innate Abilities, Weirdness & Mutations

Your life essence is reduced to manifest your ancestor. (-10% HP)
You have very sharp teeth.
Your uncanny sense of smell can sniff out nearby items.
Your experience applies equally to all skills.


Message History

The orc warrior dies! 3 electric eels come into view.
A nearby plant withers and dies.
Something hits you but does no damage.
The electric eel shoots out a bolt of lightning at you!
The bolt of electricity hits you!
Items here: ( ) [ †. 3 electric eels come into view.
Something hits you but does no damage.
The electric eel shoots out a bolt of lightning at you!
The bolt of electricity hits you!
The bolt of electricity hits something!
You are too injured to fight recklessly!
You are too injured to fight recklessly!
You are too injured to fight recklessly!
You are too injured to fight recklessly!
You are too injured to fight recklessly!
You are too injured to fight recklessly!
You are too injured to fight recklessly!
You swap places.
Something hits Baqqanum but does no damage.
The electric eel shoots out a bolt of lightning at you!
The bolt of electricity hits you!
The electric eel shoots out a bolt of lightning at you!
The bolt of electricity hits you!
* * * LOW HITPOINT WARNING * * *
The skeletal warrior hits Baqqanum with a +0 battleaxe!!
Baqqanum closely misses something.
Items here: ( ) [ †.
You hear some strange, mumbled words.
Baqqanum appears confused.
The skeletal warrior hits Baqqanum with a +0 battleaxe!!
Baqqanum is destroyed!
Items here: ( ) [ †.
A wight comes into view. It is wielding a +2 vampiric spear.
A magic dart appears from out of thin air!
The magic dart hits you.
* * * LOW HITPOINT WARNING * * *
You see here 9 gold pieces.
A puff of flame appears from out of thin air!
The puff of flame hits you!
You die...

**~****~~~~***~ *,~,*,~*,~***,~
#### **,~*~,*~,***~, ...# ###
***~***,~~~~** ...# #.# *##
*******,****** ...# ##.#♣♣.♣
**~≈≈~~♣.♣~~~~~ ...#######..#♣.♣♣
#≈≈≈≈S~♣.♣~~~~~
............#♣♣.♣♣*≈≈~S~.....~~~~
...######...#♣♣.@♣#≈~~~......,~~~
...# ##...#♣.♣♣.#~~~......,,,~~
...# **#....#.♣♣♣$#~S...~.#,~,,,~
...#*#...#..#.♣.).#♣♣..~≈#∆*~~,,*
..##...###....♣.).{)).~≈~#,*~~~,,
#....##* #..#♣♣.♣♣#♣♣z.~≈#∆*~~,,*
))#### #..#♣.♣* #~S...z.#,~,,,~
#.### #..#♣♣,**#~~~.......,,~~
#...######..# **,*#≈~S~......,~~~


There were no monsters in sight!

Vanquished Creatures
  Pikel (D:5)
  Grinder (D:5)
  Sigmund (D:5)
  A steam dragon (D:7)
  An ice beast (D:5)
  2 ogres
  2 lemures (D:4)
  2 centaurs (D:6)
  2 kobold brigands (D:7)
  A gnoll sergeant (D:6)
  3 scorpions (D:5)
  2 water moccasin zombies (Ossuary)
  3 howler monkeys
  3 hounds
  A jelly (D:4)
  An orc priest (D:6)
  3 iguanas
  3 orc wizards
  A mummy (Ossuary)
  Robin (D:4)
  7 gnolls
  8 adders
  6 adder zombies (Ossuary)
  A worm (D:5)
  2 dart slugs
  7 orcs
  4 ball pythons
  5 bats
  3 endoplasms
  3 giant cockroaches
  15 goblins
  5 hobgoblins
  5 quokkas
  A frilled lizard (D:3)
  2 gnoll zombies (Ossuary)
  4 hobgoblin zombies (Ossuary)
  7 kobolds
  2 kobold zombies (Ossuary)
  8 orc zombies (Ossuary)
  5 rats
135 creatures vanquished.

Vanquished Creatures (collateral kills)
  Duvessa (D:5)
  A water moccasin (D:6)
  An orc warrior (D:7)
  A gnoll sergeant (D:7)
  A water moccasin zombie (Ossuary)
  Dowan (D:5)
  A jelly (D:6)
  An orc wizard (D:7)
  A mummy (Ossuary)
  A gnoll (D:6)
  A white imp (D:6)
  A kobold (D:4)
  A kobold zombie (Ossuary)
  An orc zombie (Ossuary)
14 creatures vanquished.

Vanquished Creatures (others)
  An ancestor (D:6)
  A battlemage (D:7)
2 creatures vanquished.

Grand Total: 151 creatures vanquished

Notes
Turn   | Place    | Note
-------+----------+-------------------------------------------
     0 | D:1      | cforsyth the Gnoll Artificer began the quest for the Orb.
     0 | D:1      | Reached XP level 1. HP: 17/17 MP: 1/1
   668 | D:1      | Reached XP level 2. HP: 23/23 MP: 2/2
  1297 | D:2      | Reached XP level 3. HP: 25/28 MP: 3/3
  1361 | D:2      | HP: 1/28 [kobold/+0 short sword of venom (4)]
  1368 | D:2      | HP: 1/28 [poisoned by a kobold]
  1818 | D:2      | Reached skill level 1 in Invocations
  2099 | D:3      | Found a blossoming altar of Fedhas.
  2210 | D:3      | Reached skill level 1 in Short Blades
  2210 | D:3      | Reached skill level 1 in Long Blades
  2210 | D:3      | Reached skill level 1 in Axes
  2210 | D:3      | Reached skill level 1 in Maces & Flails
  2210 | D:3      | Reached skill level 1 in Polearms
  2210 | D:3      | Reached skill level 1 in Staves
  2210 | D:3      | Reached skill level 1 in Ranged Weapons
  2210 | D:3      | Reached skill level 1 in Throwing
  2210 | D:3      | Reached skill level 1 in Shields
  2210 | D:3      | Reached skill level 1 in Unarmed Combat
  2210 | D:3      | Reached skill level 1 in Spellcasting
  2419 | D:3      | Reached skill level 1 in Shapeshifting
  2419 | D:3      | Reached XP level 4. HP: 33/34 MP: 5/5
  2546 | D:3      | Found an ornate altar of the Wu Jian Council.
  2732 | D:4      | Reached skill level 1 in Conjurations
  2732 | D:4      | Reached skill level 1 in Hexes
  2732 | D:4      | Reached skill level 1 in Summonings
  2732 | D:4      | Reached skill level 1 in Necromancy
  2732 | D:4      | Reached skill level 1 in Translocations
  2732 | D:4      | Reached skill level 1 in Transmutations
  2732 | D:4      | Reached skill level 1 in Fire Magic
  2732 | D:4      | Reached skill level 1 in Ice Magic
  2732 | D:4      | Reached skill level 1 in Air Magic
  2732 | D:4      | Reached skill level 1 in Earth Magic
  2732 | D:4      | Reached skill level 1 in Poison Magic
  2869 | D:4      | Reached XP level 5. HP: 40/40 MP: 5/7
  3014 | D:4      | Found a hazy altar of Hepliaklqana.
  3033 | D:4      | Became a worshipper of Hepliaklqana the Forgotten
  3087 | D:4      | Noticed Robin
  3215 | D:4      | Killed Robin
  3297 | D:4      | Found a snail-covered altar of Cheibriados.
  3297 | D:4      | Found a broken altar of Ashenzari.
  3298 | D:4      | Found an opulent altar of Gozag.
  3389 | D:4      | Found a staircase to the Ecumenical Temple.
  3473 | D:4      | Found a runed translucent door.
  3474 | D:4      | Noticed Crazy Yiuf
  3631 | Temple   | Entered the Ecumenical Temple
  3710 | D:5      | Entered Level 5 of the Dungeon
  3768 | D:4      | Reached XP level 6. HP: 14/47 MP: 8/8
  3971 | D:5      | Found a radiant altar of Vehumet.
  3987 | D:5      | Reached skill level 5 in Armour
  4220 | D:5      | Reached skill level 7 in Evocations
  4220 | D:5      | Reached XP level 7. HP: 51/52 MP: 10/10
  4374 | D:5      | Noticed Pikel
  4426 | D:5      | Killed Pikel
  4427 | D:5      | Reached XP level 8. HP: 18/60 MP: 10/12
  4680 | D:5      | Found a shadowy altar of Dithmenos.
  5047 | D:5      | Noticed Grinder
  5056 | D:5      | Killed Grinder
  5277 | D:5      | Reached * piety under Hepliaklqana
  5277 | D:5      | Noticed Duvessa
  5277 | D:5      | Noticed Dowan
  5288 | D:5      | Killed Dowan
  5292 | D:5      | Killed Duvessa
  5653 | D:6      | Reached XP level 9. HP: 51/59 MP: 14/14
  6284 | D:5      | Noticed Sigmund
  6447 | D:5      | Killed Sigmund
  6448 | D:5      | Reached skill level 5 in Fighting
  6448 | D:5      | Reached skill level 5 in Dodging
  6645 | D:5      | Reached skill level 5 in Stealth
  6923 | D:6      | Found a bloodstained altar of Trog.
  7240 | D:7      | Found a sand-covered staircase.
  7245 | Ossuary  | Entered an ossuary
  7264 | Ossuary  | Reached skill level 8 in Evocations
  7582 | D:7      | Reached skill level 5 in Invocations
  7631 | D:7      | Reached ** piety under Hepliaklqana
  7632 | D:7      | Remembered your ancestor Baqqanum as a battlemage
  7671 | D:7      | Noticed a skeletal warrior
  7682 | D:7      | Killed from afar by an orc wizard

Illustrated notes

Levels and vault maps discovered:
D:1:      reono_arrival_mine, layout_basic, minmay_pentomino_w4
D:2:      layout_loops_ring, minmay_misc_feat_four_crosses
D:3:      layout_basic, fedhas_ov_isle_minmay, mainiacjoe_overflow_alcove_4
D:4:      layout_rooms, gammafunk_temple_overflow_claw,
          mainiacjoe_overflow_paths, minmay_temple_entry_offerings,
          uniq_crazy_yiuf_cottage, uniq_robin
D:5:      layout_loops_ring, nicolae_dithmenos_the_darkroom,
          nicolae_vehumet_radiance, minmay_joined_circles, uniq_pikel,
          uniq_grinder, uniq_duvessa, uniq_sigmund
D:6:      layout_basic, trog_book
D:7:      nzn_winding_woodlands_cross [nzn_winding_woodlands_5x15_lazy_stream,
          nzn_winding_woodlands_5x15_crooked,
          nzn_winding_woodlands_5x15_split_checker,
          nzn_winding_woodlands_5x15_default,
          nzn_winding_woodlands_15x15_eel_pit], layout_rooms,
          lightli_ossuary_entry_decrepit_ruins, minmay_misc_feat_more_columns
Temple:   nicolae_temple_superstar

Skill      XL: |  1  2  3  4  5  6  7  8  9 |
---------------+----------------------------+-----
Invocations    | 1 2 3 4 5 |  5.2
Short Blades   | 1 2 3 4 |  4.7
Long Blades    | 1 2 3 4 |  4.7
Axes           | 1 2 3 4 |  4.7
Maces & Flails | 1 2 3 4 |  4.7
Polearms       | 1 2 3 4 |  4.7
Staves         | 1 2 3 4 |  4.7
Ranged Weapons | 1 2 3 4 |  4.7
Throwing       | 1 2 3 4 |  4.7
Shields        | 1 2 3 4 |  4.7
Unarmed Combat | 1 2 3 4 |  4.7
Spellcasting   | 1 2 3 4 |  4.7
Shapeshifting  | 1 2 3 4 |  4.3
Conjurations   | 1 2 3 |  3.9
Hexes          | 1 2 3 |  3.9
Summonings     | 1 2 3 |  3.9
Necromancy     | 1 2 3 |  3.9
Translocations | 1 2 3 |  3.9
Transmutations | 1 2 3 |  3.9
Fire Magic     | 1 2 3 |  3.9
Ice Magic      | 1 2 3 |  3.9
Air Magic      | 1 2 3 |  3.9
Earth Magic    | 1 2 3 |  3.9
Poison Magic   | 1 2 3 |  3.9
Fighting       | 3 4 5 |  5.4
Dodging        | 3 4 5 |  5.4
Stealth        | 3 4 5 |  5.3
Armour         | 5 6 |  6.6
Evocations     | 7 8 |  8.2

Action                     |  1- 3 |  4- 6 |  7- 9 || total
---------------------------+-------+-------+-------++-------
  Melee: Club              |   107 |       |       ||   107
         Bite              |    11 |    17 |    61 ||    89
         Short sword       |    56 |   127 |   395 ||   578
         Punch             |       |     2 |    10 ||    12
         Whip              |       |       |     8 ||     8
 Invoke: Ancestor Life: Ba |       |       |     1 ||     1
  Evoke: Wand              |     4 |     5 |    20 ||    29
    Use: Potion            |     1 |       |       ||     1
         Scroll            |       |       |     6 ||     6
   Stab: Sleeping          |     2 |     1 |     5 ||     8
         Distracted        |       |       |     2 ||     2
 Armour: Leather armour    |    36 |       |       ||    36
         Ring mail         |    30 |    52 |   145 ||   227
  Dodge: Dodged            |   121 |    79 |   219 ||   419

Table legend: (Time is in decaauts)
 A = Elapsed time spent in this place.
 B = Non-inter-level travel time spent in this place.
 C = Inter-level travel time spent in this place.
 D = Time resting spent in this place.
 E = Time spent auto-exploring this place.
 F = Levels seen in this place.
 G = Mean time per level.
                   A        B        C        D        E       F      G
               +--------+--------+--------+--------+--------+-----+--------+
         Total |   7636 |   7290 |    346 |   1118 |   4544 |   9 |  848.4 |
       Dungeon |   7355 |   7009 |    346 |   1118 |   4420 |   7 | 1050.7 |
        Temple |      1 |      1 |      0 |      0 |      0 |   1 |    1.0 |
       Ossuary |    278 |    278 |      0 |      0 |    124 |   1 |  278.0 |
               +--------+--------+--------+--------+--------+-----+--------+

Top non-repeatable levels by time:
     D:5: 2035 daAuts
     D:4: 1252 daAuts
     D:2: 1047 daAuts
     D:6: 1025 daAuts
     D:1: 951 daAuts
     D:3: 905 daAuts
 Ossuary: 278 daAuts
     D:7: 138 daAuts
  Temple: 1 daAuts
